 Dungeon Crawl Stone Soup version 0.24-a0-493-g7e4ddcd485 (webtiles) character file.

Game seed: 12738575781491678753

66 Gargoyl the Skirmisher (level 3, -2/33 HPs)
             Began as a Centaur Abyssal Knight on July 12, 2019.
             Was a Follower of Lugonu.
             Slain by a gnoll
             ... wielding a +0 flail
              (14 damage)
             ... on level 1 of the Dungeon.
             The game lasted 00:01:30 (943 turns).

Gargoyl the Skirmisher (Centaur Abyssal Knight)      Turns: 943, Time: 00:01:31

Health: -2/33      AC:  4    Str: 14    XL:     3   Next: 96%
Magic:  4/4        EV:  9    Int: 11    God:    Lugonu [*.....]
Gold:   43         SH:  0    Dex:  9    Spells: 2/2 levels left

rFire    . . .     SeeInvis .   a - +2 hand axe
rCold    . . .     Gourm    .   (no shield)
rNeg     . . .     Faith    .   b - +0 leather armour
rPois    .         Spirit   .   (no helmet)
rElec    .         Reflect  .   (no cloak)
rCorr    .         Harm     .   (no gloves)
MR       .....                  (no barding)
Stlth    ..........             (no amulet)
HPRegen  0.11/turn              (no ring)
MPRegen  0.09/turn              (no ring)

@: very quick
A: large, hooves 3, deformed body, speed 2, tough skin 3
a: Depart the Abyss, Renounce Religion


You were on level 1 of the Dungeon.
You worshipped Lugonu.
Lugonu was aware of your devotion.
You were not hungry.

You visited 1 branch of the dungeon, and saw 1 of its levels.
You visited the Abyss 1 time.

You collected 43 gold pieces.

Inventory:

Hand Weapons
 a - a +2 hand axe (weapon)
Armour
 b - a +0 leather armour (worn)
Jewellery
 d - an uncursed ring of stealth {unknown}
 k - an uncursed amulet of guardian spirit {unknown}
Potions
 i - a potion of might {unknown}
Comestibles
 c - 3 rations
 f - 3 chunks of flesh


   Skills:
 + Level 3.9 Fighting
 + Level 2.2 Axes
 * Level 1.9 Armour
 * Level 1.0 Dodging
 * Level 2.3 Invocations


You had 2 spell levels left.
You didn't know any spells.
Your spell library was empty.

Dungeon Overview and Level Annotations

Branches:
Dungeon (1/15)

Altars:


Innate Abilities, Weirdness & Mutations

You have hooves in place of feet.
Armour fits poorly on your strangely shaped body.
You cover ground very quickly.
You have extremely tough skin. (AC +3)


Message History

Butcher a goblin corpse? [(y)es/(n)o/(a)ll/(q)uit/?]
You butcher the goblin corpse. x2
f - a chunk of flesh;
f - 3 chunks of flesh (gained 2)
Things that are here:
a goblin skeleton x2
You start resting.
The gnoll is too close now for your liking.
A gnoll is nearby!
A gnoll is nearby!
The gnoll hits you with a +0 flail.
You hit the gnoll.
The gnoll is moderately wounded.
The gnoll hits you with a +0 flail!
You hit the gnoll but do no damage.
The gnoll is moderately wounded.
The gnoll closely misses you.
You completely miss the gnoll. You kick the gnoll, but do no damage.
The gnoll is moderately wounded.
The gnoll hits you with a +0 flail!
You die...

*****,* #.# #.####.#.###. *,*
#.# #.# #.#.##.. *,* #.# #.#
#.#(##.# *,* #.# #.# #.#.##.#
*,**#######รท#####.# #.#.##.#
*,*,............#.# #.#.##.#
*,*,########.##.#.####.#.##.#
*,*,* #.#*,#............
*,*,* #@#*,#####.......#
*,*,* *****#g##.#####....####
*,*,* *,,,,..................
*,*,* *,**##.###########.####
*,*,* *,* #.# #.....
*,*,***,* #.# ######
*,,,,,,,***#.# ***,,,,,,,,..#
************


You could see a gnoll.

Vanquished Creatures
  An iron imp (Abyss:2)
  An ooze (D:1)
  5 dart slugs (D:1)
  A leopard gecko (D:1)
  A giant cockroach (D:1)
  3 goblins (D:1)
  3 bats (D:1)
  6 frilled lizards (D:1)
  A kobold (D:1)
  3 rats (D:1)
25 creatures vanquished.

Vanquished Creatures (others)
  2 plants (D:1)
  2 starspawn tentacles (Abyss:2)
4 creatures vanquished.

Grand Total: 29 creatures vanquished

Notes
Turn   | Place    | Note
-------+----------+-------------------------------------------
     0 | Abyss:1  | Gargoyl the Centaur Abyssal Knight began the quest for the
                  | Orb.
     0 | Abyss:1  | Reached XP level 1. HP: 19/19 MP: 2/2
    46 | Abyss:2  | Noticed an iron imp
    54 | Abyss:2  | Killed an iron imp
    54 | Abyss:2  | Reached XP level 2. HP: 16/27 MP: 3/3
    54 | Abyss:2  | Reached XP level 3. HP: 19/33 MP: 4/4
    63 | Abyss:2  | Noticed a tentacled starspawn
    96 | Abyss:2  | Noticed a large abomination
    99 | Abyss:2  | Noticed a large abomination
   103 | Abyss:2  | Noticed a flayed ghost
   105 | D:1      | Escaped the Abyss
   245 | D:1      | Reached * piety under Lugonu
   586 | D:1      | Reached skill level 1 in Dodging
   943 | D:1      | Slain by a gnoll

Levels and vault maps discovered:
D:1:      roderic_crop_circles_arrival_small, layout_loops_ring,
          skrybe_limestone_x, st_stairs_6, minmay_unequal

Skill      XL: |  1  2  3 |
---------------+----------+-----
Axes           | 2 |  2.2
Dodging        | 1 |  1.0
Fighting       | |  3.9
Armour         | |  1.9
Invocations    | |  2.3

Action                   || total
-------------------------++-------
Melee: Hand axe          ||    88
       Kick              ||    12
Invok: Depart the Abyss  ||     1
  Use: Scroll            ||     6
Armor: Leather armour    ||    39
Dodge: Dodged            ||    47

Table legend:
 A = Non-vault XP
 B = Vault XP
 C = Vault XP percentage of total XP
 D = Non-vault monster count
 E = Vault monster count
 F = Vault count percentage of total count
                 A         B        C        D         E       F
            +---------+---------+-------+---------+---------+-------
      Total |      84 |      11 |  11.6 |      20 |       5 |  20.0
            +---------+---------+-------+---------+---------+-------
        D:1 |      41 |      11 |  21.2 |      19 |       5 |  20.8
    Abyss:2 |      43 |       0 |   0.0 |       1 |       0 |   0.0
            +---------+---------+-------+---------+---------+-------
